 Dungeon Sprint DCSS version 0.17-a0-1632-g0af21bd (webtiles) character file.

78 Kidiri the Covered (level 4, -6/30 HPs)
             Began as a Gargoyle Fighter on Aug 3, 2015.
             Was an Initiate of Okawaru.
             Mangled by a hill giant
             ... wielding a +0 giant club
              (13 damage)
             ... in the Dungeon (Sprint IX: "|||||||||||||||||||||||||||||").
             The game lasted 00:01:40 (508 turns).

Kidiri the Covered (Gargoyle Fighter)                Turns: 508, Time: 00:01:40

Health: -6/30      AC: 18    Str: 21    XL:     4   Next: 36%
Magic:  4/4        EV: 10    Int:  8    God:    Okawaru [......]
Gold:   0          SH: 10    Dex: 12    Spells: 0 memorised, 3 levels left

rFire  . . .     SeeInvis .     q - +2 morningstar (protect)
rCold  . . .     Clarity  .     s - +1 scale mail
rNeg   + . .     SustAt   .     c - +0 shield
rPois  ∞         Gourm    .     (no helmet)
rElec  +         Spirit   .     r - +0 cloak
rCorr  .         Warding  .     (no gloves)
rMut   .         NoTele   +     (no boots)
MR     .....                    (no amulet)
Stlth  ..........               u - +2 ring of evasion
                                t - +3 ring of dexterity

@: not resistant to hostile enchantments, extremely unstealthy
A: negative energy resistance 1, electricity resistance, unbreathing,
petrification resistance, rot immunity, AC +3
a: Renounce Religion


You were in the Dungeon.
You worshipped Okawaru.
Okawaru was noncommittal.
You were not hungry.

You visited 1 branch

Inventory:

Hand weapons
 q - a +2 morningstar of protection (weapon)
Armour
 c - a +0 shield (worn)
 r - a +0 cloak (worn)
 s - a +1 scale mail (worn)
Jewellery
 t - a +3 ring of dexterity (left hand)
 u - a +2 ring of evasion (right hand)
Magical devices
 p - a wand of draining (7)
Scrolls
 k - 2 scrolls of blinking
 n - 3 scrolls of remove curse
 o - 2 scrolls of amnesia
Potions
 d - a potion of might
 g - 3 potions of heal wounds
 h - a potion of haste
 i - 4 potions of magic
 j - a potion of berserk rage
 l - a potion of invisibility
 m - 4 potions of curing
Comestibles
 e - a bread ration
 f - 2 chunks of flesh


   Skills:
 + Level 4.6 Fighting
 * Level 4.5 Maces & Flails
 * Level 5.6 Armour
 + Level 1.8 Dodging
 * Level 5.4 Shields


You had 3 spell levels left.
You didn't know any spells.

Dungeon Overview and Level Annotations

Branches:
Dungeon (1/1)

Altars:
Cheibriados
Dithmenos
Elyvilon
Fedhas
Gozag
Kikubaaqudgha
Makhleb
Nemelex Xobeh
Okawaru
Qazlal
Ru
Sif Muna
Trog
Vehumet
Xom
Yredelemnul
Zin
The Shining One
Beogh
Jiyva
Lugonu


Innate Abilities, Weirdness & Mutations

You are resistant to torment.
Your stone body is resilient (AC +3).
You are immune to poison.
You resist negative energy.
You are resistant to electric shocks.
You can survive without breathing.
You are immune to petrification.
You are immune to rotting.


Message History

The hill giant is heavily wounded.
The hill giant hits you with a giant club!
* * * LOW HITPOINT WARNING * * *
You are too injured to fight recklessly!
You puncture the hill giant!
The hill giant is almost dead.
You block the hill giant's attack.
You hit the hill giant.
The hill giant is almost dead.
The hill giant hits you but does no damage.
You hit the hill giant.
The hill giant is almost dead.
You block the hill giant's attack.
You hit the hill giant.
The hill giant is almost dead.
The hill giant closely misses you.
You hit the hill giant but do no damage.
The hill giant is almost dead.
The hill giant hits you with a giant club!
You die...

▓.▓
▓.▓
▓|▓
▓)▓
▓[▓
▓.▓
▓.▓
▓.▓
▓@▓
▓C▓
▓o▓
▓Z▓
▓Z▓
▓J▓
▓9▓
▓.▓


You could see a hill giant, a gargoyle, a jelly, an orc, a giant cockroach
zombie and a bat skeleton.

Vanquished Creatures
  A hound (D)
  An iguana (D)
  An ooze (D)
  An adder zombie (D)
  An orc (D)
  4 hobgoblins (D)
  A quokka (D)
10 creatures vanquished.

Notes
Turn   | Place    | Note
--------------------------------------------------------------
     0 | D        | Kidiri the Gargoyle Fighter began the quest for the Orb.
     0 | D        | Reached XP level 1. HP: 14/14 MP: 1/1
    28 | D        | Reached skill level 4 in Armour
    28 | D        | Reached XP level 2. HP: 6/20 MP: 2/2
   245 | D        | Noticed a hound
   245 | D        | Noticed an iguana
   278 | D        | Killed a hound
   278 | D        | Reached skill level 5 in Armour
   278 | D        | Reached skill level 1 in Dodging
   278 | D        | Reached XP level 3. HP: 7/24 MP: 3/3
   282 | D        | Killed an iguana
   282 | D        | Reached skill level 5 in Shields
   282 | D        | Reached XP level 4. HP: 15/30 MP: 4/4
   428 | D        | Found a glowing silver altar of Zin.
   428 | D        | Found a glowing golden altar of the Shining One.
   428 | D        | Found an ancient bone altar of Kikubaaqudgha.
   428 | D        | Found a basalt altar of Yredelemnul.
   428 | D        | Found a shimmering altar of Xom.
   428 | D        | Found a radiant altar of Vehumet.
   429 | D        | Found an iron altar of Okawaru.
   430 | D        | Found a burning altar of Makhleb.
   431 | D        | Found a deep blue altar of Sif Muna.
   432 | D        | Found a bloodstained altar of Trog.
   433 | D        | Found a sparkling altar of Nemelex Xobeh.
   434 | D        | Found a white marble altar of Elyvilon.
   435 | D        | Found a roughly hewn altar of Beogh.
   436 | D        | Found a viscous altar of Jiyva.
   437 | D        | Became a worshipper of Warmaster Okawaru
   438 | D        | Found a corrupted altar of Lugonu.
   439 | D        | Found a blossoming altar of Fedhas.
   440 | D        | Found a snail-covered altar of Cheibriados.
   441 | D        | Found a shadowy altar of Dithmenos.
   442 | D        | Found a stormy altar of Qazlal.
   443 | D        | Found an opulent altar of Gozag.
   444 | D        | Found a sacrificial altar of Ru.
   497 | D        | Noticed a hill giant
   497 | D        | Noticed a jelly
   497 | D        | Noticed a gargoyle
   508 | D        | Mangled by a hill giant

Vault maps used:
D:        linesprint

Action                   |  1- 3 |  4- 6 || total
-------------------------+-------+-------++-------
Melee: Flail             |    60 |     6 ||    66
       Morningstar       |       |    11 ||    11
  Use: Potion            |     1 |       ||     1
